SL
PHOENIX HOTSPUR @ DETROIT REAPERS
07/25/2020
 
TOP OF THE 1ST
Phoenix Hotspur batting - Pitching for Detroit Reapers : LHP Paul Díaz
Pitching: LHP Paul Díaz
Batting: RHB Chriss Mann 0-0: Called Strike
0-1: Ball
1-1: Fly out, F8 (Flyball, 8LXD)
Batting: LHB Earl Ellis 0-0: Ball
1-0: Foul Ball, location: 2F
1-1: Ball
2-1: Ground out 1-3 (Groundball, 13)
Batting: RHB Terry Armstrong 0-0: Foul Ball, location: 2F
0-1: Ball
1-1: Foul Ball, location: 2F
1-2: Ball
2-2: Ground out 5-3 (Groundball, 5L)
Top of the 1st over - 0 run(s), 0 hit(s), 0 error(s), 0 left on base; Phoenix 0 - Detroit 0
BOTTOM OF THE 1ST
Detroit Reapers batting - Pitching for Phoenix Hotspur : RHP Pedro Valdéz
Pitching: RHP Pedro Valdéz
Batting: SHB Will Brock 0-0: Called Strike
0-1: Foul Ball, location: 2F
0-2: SINGLE (Line Drive, 9S)
Batting: LHB Ryan Westlake 0-0: Ball
Will Brock is caught stealing 2nd base
1-0: Ball
2-0: SINGLE (Line Drive, 89S)
Batting: RHB Bart Lewis 0-0: Ball
Ryan Westlake is caught stealing 2nd base
1-0: Called Strike
1-1: Ball
2-1: Ball
3-1: Called Strike
3-2: SINGLE (Line Drive, 89S)
Batting: SHB Eiji Suzuki 0-0: Ball
1-0: Swinging Strike
1-1: Ball
2-1: Ground out 3-1 (Groundball, 34)
Bottom of the 1st over - 0 run(s), 3 hit(s), 0 error(s), 1 left on base; Phoenix 0 - Detroit 0
TOP OF THE 2ND
Phoenix Hotspur batting - Pitching for Detroit Reapers : LHP Paul Díaz
Batting: LHB Mike Pace 0-0: Ground out 4-3 (Groundball, 4)
Batting: RHB Raúl González 0-0: Called Strike
0-1: Ball
1-1: Ball
2-1: Foul Ball, location: 2F
2-2: Ball
3-2: Foul Ball, location: 2F
3-2: Strikes out looking
Batting: LHB Curt Webb 0-0: Swinging Strike
0-1: Foul Ball, location: 2F
0-2: Ball
1-2: Ball
2-2: Foul Ball, location: 2F
2-2: Ball
3-2: Strikes out looking
Top of the 2nd over - 0 run(s), 0 hit(s), 0 error(s), 0 left on base; Phoenix 0 - Detroit 0
BOTTOM OF THE 2ND
Detroit Reapers batting - Pitching for Phoenix Hotspur : RHP Pedro Valdéz
Batting: RHB Jack Weber 0-0: Called Strike
0-1: Ball
1-1: Foul Ball, location: 2F
1-2: Ball
2-2: Foul Ball, location: 2F
2-2: Foul Ball, location: 2F
2-2: Foul Ball, location: 2F
2-2: Foul Ball, location: 2F
2-2: Ball
3-2: Ground out 6-3 (Groundball, 6)
Batting: RHB Kevin Howard 0-0: Ball
1-0: DOUBLE (Flyball, 78D)
Batting: RHB Abílio Conceio 0-0: Called Strike
0-1: Foul Ball, location: 2F
0-2: Ball
1-2: Ball
2-2: Ball
Wild Pitch!
Kevin Howard to third
3-2: SINGLE (Flyball, 6MD)
Kevin Howard scores
Batting: RHB Robby Thomas 0-0: Foul Ball, location: 2F
0-1: Foul Ball, location: 2F
0-2: Foul Ball, location: 2F
0-2: Ball
1-2: Ground out 5-3 (Groundball, 56S)
Abílio Conceio to second
Batting: SHB Paul Díaz 0-0: Foul Ball, location: 2F
0-1: Ball
1-1: Called Strike
1-2: DOUBLE (Line Drive, 3)
Abílio Conceio scores
Batting: SHB Will Brock 0-0: Ball
1-0: Ball
Wild Pitch!
Paul Díaz to third
2-0: Called Strike
2-1: Ball
3-1: Base on Balls
Batting: LHB Ryan Westlake 0-0: Fly out, F8 (Flyball, 8LD)
Bottom of the 2nd over - 2 run(s), 3 hit(s), 0 error(s), 2 left on base; Phoenix 0 - Detroit 2
TOP OF THE 3RD
Phoenix Hotspur batting - Pitching for Detroit Reapers : LHP Paul Díaz
Batting: RHB Donald Thompson 0-0: Called Strike
0-1: Swinging Strike
0-2: Ball
1-2: Ball
2-2: Strikes out looking
Batting: RHB Pedro Valdéz 0-0: Ball
1-0: Swinging Strike
1-1: Swinging Strike
1-2: Ball
2-2: Foul Ball, location: 2F
2-2: Strikes out swinging
Batting: RHB Steve Brandon 0-0: Ball
1-0: Ball
2-0: Ball
3-0: Base on Balls
Batting: RHB Chriss Mann 0-0: Ball
1-0: Ball
2-0: Swinging Strike
2-1: Swinging Strike
2-2: Foul Ball, location: 2F
2-2: Fly out, F2 (Popup, 2LF)
Top of the 3rd over - 0 run(s), 0 hit(s), 0 error(s), 1 left on base; Phoenix 0 - Detroit 2
BOTTOM OF THE 3RD
Detroit Reapers batting - Pitching for Phoenix Hotspur : RHP Pedro Valdéz
Batting: RHB Bart Lewis 0-0: Called Strike
0-1: Ball
1-1: Ground out 6-3 (Groundball, 6)
Batting: SHB Eiji Suzuki 0-0: Ball
1-0: Ball
2-0: Foul Ball, location: 2F
2-1: Ground out 4-3 (Groundball, 4)
Pitching: RHP Tom Bowen
Batting: RHB Jack Weber 0-0: Called Strike
0-1: Ball
1-1: Swinging Strike
1-2: Strikes out swinging
Bottom of the 3rd over - 0 run(s), 0 hit(s), 0 error(s), 0 left on base; Phoenix 0 - Detroit 2
TOP OF THE 4TH
Phoenix Hotspur batting - Pitching for Detroit Reapers : LHP Paul Díaz
Batting: LHB Earl Ellis 0-0: Swinging Strike
0-1: Foul Ball, location: 2F
0-2: Strikes out swinging, 2-3 out at first.
Batting: RHB Terry Armstrong 0-0: Ball
1-0: Ball
2-0: Called Strike
2-1: Fly out, F9 (Flyball, 9LMF)
Batting: LHB Mike Pace 0-0: SINGLE (Line Drive, 9LS)
Batting: RHB Raúl González 0-0: Ball
1-0: Called Strike
1-1: Ball
2-1: Foul Ball, location: 2F
2-2: Ball
3-2: Foul Ball, location: 2F
3-2: Strikes out swinging
Top of the 4th over - 0 run(s), 1 hit(s), 0 error(s), 1 left on base; Phoenix 0 - Detroit 2
BOTTOM OF THE 4TH
Detroit Reapers batting - Pitching for Phoenix Hotspur : RHP Tom Bowen
Batting: RHB Kevin Howard 0-0: Called Strike
0-1: Foul Ball, location: 2F
0-2: Foul Ball, location: 2F
0-2: Foul Ball, location: 2F
0-2: DOUBLE (Line Drive, 9D)
Batting: RHB Abílio Conceio 0-0: Called Strike
0-1: Ball
1-1: Ball
2-1: Swinging Strike
2-2: DOUBLE (Line Drive, 4MD)
Kevin Howard scores
Batting: RHB Robby Thomas 0-0: Called Strike
0-1: Ball
1-1: Called Strike
1-2: Ball
2-2: Foul Ball, location: 2F
2-2: Fly out, F9 (Flyball, 89M)
Batting: SHB Paul Díaz 0-0: Called Strike
0-1: Ball
1-1: Foul Ball, location: 2F
1-2: Foul Ball, location: 2F
1-2: Ball
2-2: Strikes out looking
Batting: SHB Will Brock 0-0: Called Strike
0-1: Ball
1-1: Ground out 4-3 (Groundball, 4M)
Bottom of the 4th over - 1 run(s), 2 hit(s), 0 error(s), 1 left on base; Phoenix 0 - Detroit 3
TOP OF THE 5TH
Phoenix Hotspur batting - Pitching for Detroit Reapers : LHP Paul Díaz
Batting: LHB Curt Webb 0-0: Ball
1-0: Ball
2-0: Ground out 3-1 (Groundball, 34S)
Batting: RHB Donald Thompson 0-0: Ball
1-0: Called Strike
1-1: Ball
2-1: Fly out, F9 (Flyball, 9D)
Batting: RHB Tom Bowen 0-0: Foul Ball, location: 2F
0-1: Ball
1-1: Called Strike
1-2: Foul Ball, location: 2F
1-2: Foul Ball, location: 2F
1-2: Ball
2-2: Ball
3-2: Foul Ball, location: 2F
3-2: Strikes out swinging
Top of the 5th over - 0 run(s), 0 hit(s), 0 error(s), 0 left on base; Phoenix 0 - Detroit 3
BOTTOM OF THE 5TH
Detroit Reapers batting - Pitching for Phoenix Hotspur : RHP Tom Bowen
Batting: LHB Ryan Westlake 0-0: Ball
1-0: Fly out, F8 (Flyball, 8RXD)
Batting: RHB Bart Lewis 0-0: Foul Ball, location: 2F
0-1: Swinging Strike
0-2: DOUBLE (Flyball, 89D)
Batting: SHB Eiji Suzuki 0-0: Ground out 6-3 (Groundball, 6M)
Bart Lewis to third
Batting: RHB Jack Weber 0-0: Swinging Strike
0-1: Ball
1-1: Ball
2-1: Swinging Strike
2-2: Foul Ball, location: 2F
2-2: Foul Ball, location: 2F
2-2: Ground out 5-3 (Groundball, 5)
Bottom of the 5th over - 0 run(s), 1 hit(s), 0 error(s), 1 left on base; Phoenix 0 - Detroit 3
TOP OF THE 6TH
Phoenix Hotspur batting - Pitching for Detroit Reapers : LHP Paul Díaz
Batting: RHB Steve Brandon 0-0: Called Strike
0-1: Ball
1-1: Swinging Strike
1-2: Ball
2-2: Ball
3-2: Foul Ball, location: 2F
3-2: Foul Ball, location: 2F
3-2: Base on Balls
Batting: RHB Chriss Mann 0-0: Foul Ball, location: 2F
0-1: Ball
1-1: Ball
2-1: Foul Ball, location: 2F
2-2: Foul Ball, location: 2F
2-2: Foul Ball, location: 2F
2-2: Foul Ball, location: 2F
2-2: Ball
3-2: Grounds into double play, U6-3 (Groundball, 6M)
Batting: LHB Earl Ellis 0-0: Ball
1-0: Ball
2-0: Foul Ball, location: 2F
2-1: Ground out 4-3 (Groundball, 4)
Top of the 6th over - 0 run(s), 0 hit(s), 0 error(s), 0 left on base; Phoenix 0 - Detroit 3
BOTTOM OF THE 6TH
Detroit Reapers batting - Pitching for Phoenix Hotspur : RHP Tom Bowen
Batting: RHB Kevin Howard 0-0: Ball
1-0: Called Strike
1-1: Foul Ball, location: 2F
1-2: Ball
2-2: Foul Ball, location: 2F
2-2: Ball
3-2: Foul Ball, location: 2F
3-2: Ground out 5-3 (Groundball, 56)
Batting: RHB Abílio Conceio 0-0: Swinging Strike
0-1: Ball
1-1: Ball
2-1: Ball
3-1: Base on Balls
Pitching: RHP Miguel Herrera
Batting: RHB Robby Thomas 0-0: Called Strike
0-1: Foul Ball, location: 2F
0-2: Ball
1-2: Ball
2-2: Ball
3-2: Foul Ball, location: 2F
3-2: Strikes out looking
Pinch Hitting: RHB Alan Elder 0-0: Ground out 6-3 (Groundball, 6)
Bottom of the 6th over - 0 run(s), 0 hit(s), 0 error(s), 1 left on base; Phoenix 0 - Detroit 3
TOP OF THE 7TH
Phoenix Hotspur batting - Pitching for Detroit Reapers : LHP Paul Díaz
Pitching: RHP Casey Bader
Batting: RHB Terry Armstrong 0-0: Fly out, F8 (Flyball, 8LM)
Batting: LHB Mike Pace 0-0: Ball
1-0: Ball
2-0: Ball
3-0: Base on Balls
Batting: RHB Raúl González 0-0: Ball
1-0: Called Strike
1-1: Fly out, F9 (Line Drive, 9D)
Pitching: LHP Ron Anderson
Batting: LHB Curt Webb 0-0: Called Strike
0-1: Ball
1-1: Swinging Strike
1-2: Strikes out swinging
Top of the 7th over - 0 run(s), 0 hit(s), 0 error(s), 1 left on base; Phoenix 0 - Detroit 3
BOTTOM OF THE 7TH
Detroit Reapers batting - Pitching for Phoenix Hotspur : RHP Miguel Herrera
Batting: SHB Will Brock 0-0: Ball
1-0: Swinging Strike
1-1: Ball
2-1: Called Strike
2-2: Strikes out looking
Batting: LHB Ryan Westlake 0-0: Ball
1-0: Ground out U3 (Groundball, 3L)
Batting: RHB Bart Lewis 0-0: Called Strike
0-1: Foul Ball, location: 2F
0-2: Foul Ball, location: 2F
0-2: Ball
1-2: Foul Ball, location: 2F
1-2: Ball
2-2: Strikes out looking
Bottom of the 7th over - 0 run(s), 0 hit(s), 0 error(s), 0 left on base; Phoenix 0 - Detroit 3
TOP OF THE 8TH
Phoenix Hotspur batting - Pitching for Detroit Reapers : LHP Ron Anderson
Batting: RHB Donald Thompson 0-0: Called Strike
0-1: Ball
1-1: Foul Ball, location: 2F
1-2: Ball
2-2: DOUBLE (Line Drive, 7LS)
Pitching: RHP Jim Washington
Pinch Hitting: LHB Ricardo Miranda 0-0: Swinging Strike
0-1: Ball
1-1: Called Strike
1-2: Fly out, F9 (Flyball, 89D)
Runner from 2nd tags up, SAFE at 3rd, no throw
Now in RF: Eduardo Alvarado
Batting: RHB Steve Brandon 0-0: Ball
1-0: Ball
2-0: Swinging Strike
2-1: Ball
3-1: Called Strike
3-2: Fly out, F6 (Line Drive, 6M)
Batting: RHB Chriss Mann 0-0: Swinging Strike
0-1: Swinging Strike
0-2: Ball
1-2: Strikes out swinging
Top of the 8th over - 0 run(s), 1 hit(s), 0 error(s), 1 left on base; Phoenix 0 - Detroit 3
BOTTOM OF THE 8TH
Detroit Reapers batting - Pitching for Phoenix Hotspur : RHP Miguel Herrera
Pitching: RHP Craig Moody
Batting: SHB Eiji Suzuki 0-0: Called Strike
0-1: Ground out 5-3 (Groundball, 5)
Batting: RHB Jack Weber 0-0: Ball
1-0: Foul Ball, location: 2F
1-1: Ball
2-1: Ball
3-1: Base on Balls
Batting: RHB Kevin Howard 0-0: Ball
Jack Weber steals 2nd base
1-0: Called Strike
1-1: Swinging Strike
1-2: Foul Ball, location: 2F
1-2: Foul Ball, location: 2F
1-2: Strikes out swinging
Batting: RHB Abílio Conceio 0-0: Called Strike
0-1: Foul Ball, location: 2F
0-2: Ball
1-2: 2-RUN HOME RUN (Flyball, 78XD), Distance : 427 ft
Batting: RHB Robby Thomas 0-0: Called Strike
0-1: Ball
1-1: Called Strike
1-2: Ball
2-2: Strikes out looking
Bottom of the 8th over - 2 run(s), 1 hit(s), 0 error(s), 0 left on base; Phoenix 0 - Detroit 5
TOP OF THE 9TH
Phoenix Hotspur batting - Pitching for Detroit Reapers : RHP Jim Washington
Now at C: Carlos Pérez
Now at 2B: Roger Wheeler
Batting: LHB Earl Ellis 0-0: Foul Ball, location: 2F
0-1: Ball
1-1: Foul Ball, location: 2F
1-2: Ball
2-2: Ball
3-2: Foul Ball, location: 2F
3-2: Ground out U3 (Groundball, 3S)
Batting: RHB Terry Armstrong 0-0: Ball
1-0: Ball
2-0: Called Strike
2-1: Ball
3-1: Ground out 1-3 (Groundball, 13)
Batting: LHB Mike Pace 0-0: Called Strike
0-1: Ball
1-1: Foul Ball, location: 2F
1-2: Foul Ball, location: 2F
1-2: Ball
2-2: Ground out 3-1 (Groundball, 34S)
Top of the 9th over - 0 run(s), 0 hit(s), 0 error(s), 0 left on base; Phoenix 0 - Detroit 5
This league is powered by Out of the Park Baseball, the baseball management simulation game for PC, Mac and Linux
Friday, October 23rd, 2015 - OOTP Baseball 16.9 Build 39